 Dungeon Crawl Stone Soup version 0.31-a0-263-ge8cad7f256 (webtiles) character file.

Game seed: 13464812667720833036

118 qw the Shooter (level 5, -1/30 HPs)
             Began as a Gargoyle Hexslinger on July 13, 2023.
             Killed from afar by Ijyb (7 damage)
             ... with a puff of flame
             ... on level 3 of the Dungeon.
             The game lasted 00:00:57 (2652 turns).

qw the Shooter (Gargoyle Hexslinger)                Turns: 2652, Time: 00:00:57

Health: -1/30      AC: 10    Str: 11    XL:     5   Next: 2%
Magic:  6/6        EV: 10    Int: 14    God:
Gold:   203        SH:  0    Dex: 14    Spells: 5/6 levels left

rFire   . . .        Y - +1 sling
rCold   . . .        (no shield)
rNeg    + . .        i - +0 ring mail
rPois   inf          (no helmet)
rElec   +            e - +0 cloak
rCorr   .            (no gloves)
SInv    .            (no boots)
Will    .....        (no amulet)
Stlth   +            (no ring)
HPRegen 0.25/turn    (no ring)
MPRegen 0.10/turn

%: no passive effects
@: mighty
A: sickness immunity, AC +4, negative energy resistance 1, electricity
resistance, torment resistance 1, petrification resistance
a: no special abilities


You were on level 3 of the Dungeon.
You visited 1 branch of the dungeon, and saw 4 of its levels.

You collected 203 gold pieces.


Innate Abilities, Weirdness & Mutations

You are immune to sickness and miasma.
Your stone body is resilient. (AC +4)
You are immune to poison.
You resist negative energy. (rN+)
You are resistant to electric shocks. (rElec)
You are resistant to unholy torment.
You are immune to petrification.


   Skills:
 - Level 2.0 Fighting
 + Level 4.5 Ranged Weapons
 - Level 1.0 Armour
 - Level 1.5 Dodging
 - Level 1.0 Spellcasting
 - Level 2.6 Hexes


You had 5 spell levels left.
You knew the following spells:

 Your Spells              Type           Power      Damage    Failure   Level
a - Slow                  Hex            32%        N/A       21%         1

Your spell library contained the following spells:

 Spells                   Type           Power      Damage    Failure   Level
 Inner Flame              Hex/Fire       4%         N/A       71%         3
 Portal Projectile        Hex/Tloc       8%         N/A       71%         3
 Cause Fear               Hex            4%         N/A       90%         4

Inventory:

Hand Weapons
 Y - a +1 sling (weapon)
Armour
 e - a +0 cloak (worn)
 i - a +0 ring mail (worn)
Jewellery
 h - a ring of fire
Scrolls
 j - a scroll of identify
Potions
 a - a potion of might
 c - a potion of magic {unknown}
 d - 2 potions of curing
 g - 2 potions of resistance

Dungeon Overview and Level Annotations

Branches:
Dungeon (4/15)
 Temple: D:4-7

Altars:
Elyvilon
Hepliaklqana
Uskayaw

Annotations:
D:3 Ijyb


Message History

Ijyb hits you but does no damage. Ijyb closely misses you.
You shoot a sling bullet.
The sling bullet hits Ijyb but does no damage.
Ijyb hits you but does no damage.
You shoot a sling bullet. The sling bullet hits Ijyb.
Ijyb is lightly wounded.
Ijyb hits you but does no damage.
You shoot a sling bullet.
The sling bullet hits Ijyb but does no damage.
Ijyb is lightly wounded.
Ijyb hits you but does no damage. x2
You shoot a sling bullet. The sling bullet hits Ijyb!
Ijyb is heavily wounded.
Ijyb zaps a wand.
The puff of flame misses you.
You shoot a sling bullet. The sling bullet hits Ijyb.
Ijyb is severely wounded.
Ijyb hits you with a +3 dagger.
You shoot a sling bullet.
The sling bullet hits Ijyb but does no damage.
Ijyb is severely wounded.
Ijyb hits you with a +3 dagger. Ijyb hits you but does no damage.
You shoot a sling bullet. The sling bullet closely misses Ijyb.
Ijyb screams, "Me very upset!"
Ijyb hits you but does no damage.
You shoot a sling bullet. The sling bullet misses Ijyb.
Ijyb hits you with a +3 dagger!
You shoot a sling bullet.
The sling bullet hits Ijyb but does no damage.
Ijyb is severely wounded.
Ijyb closely misses you.
You shoot a sling bullet. The sling bullet hits Ijyb.
Ijyb is severely wounded.
Ijyb hits you but does no damage. x2
You shoot a sling bullet.
The sling bullet hits Ijyb but does no damage.
Ijyb is severely wounded.
Ijyb hits you with a +3 dagger.
You shoot a sling bullet. The sling bullet closely misses Ijyb.
Ijyb zaps a wand.
The puff of flame hits you!
You die...

~~~# #.#. .~## ############# #.#.
#..# #......<....# #.#.
#..####### #...........####.##
##.......# #..................
####.....# #########..#.#.#<...#.
# #########~### #..#.#.######.
##~~~~~~.#####....#.# #.
###~~~~~~.~.@..##.###.######.
#####~~~~~!~~~~~.g........#......
...####~~~~~~~~.##..#.#####..####
##.########~~~~~......# #~~~.#
...#.....#.~.~~~###.#######~.~.#
...#.....#~.~~~.#...)......~.~.##
.....#####.~~~..#.#.######.~.~...
####.#####.~~~~~#:.....# #...#.##
## #.......~~~~.#....#.###.......


You could see Ijyb.

Vanquished Creatures
  Jessica (D:3)
  3 adders (D:2)
  2 worms (D:2)
  A dart slug (D:3)
  An orc (D:3)
  4 ball pythons
  3 bats
  3 endoplasms
  6 goblins
  11 hobgoblins
  2 jackals (D:3)
  3 quokkas
  2 frilled lizards
  5 kobolds
  5 rats
52 creatures vanquished.

Notes
Turn   | Place    | Note
-------+----------+-------------------------------------------
     0 | D:1      | qw the Gargoyle Hexslinger began the quest for the Orb.
     0 | D:1      | Reached XP level 1. HP: 12/12 MP: 2/2
     0 | D:1      | 0 ||| qw: Version: 0.3-a-52-g30416fa
     0 | D:1      | 0 ||| qw: Game counter: 7180
     0 | D:1      | 0 ||| qw: Melee chars always use a shield: true
     0 | D:1      | 0 ||| qw: God list: Okawaru
     0 | D:1      | 0 ||| qw: Allow faded altars: false
     0 | D:1      | 0 ||| qw: Do Orc after clearing Dungeon:15 true
     0 | D:1      | 0 ||| qw: Do second Lair branch before Depths: true
     0 | D:1      | 0 ||| qw: Lair rune preference: random
     0 | D:1      | 0 ||| qw: Goals: Normal
     0 | D:1      | 0 ||| PLANNING D:1-11
   221 | D:1      | Reached XP level 2. HP: 16/16 MP: 3/3
   278 | D:1      | Reached skill level 3 in Ranged Weapons
   285 | D:1      | 285 ||| FLEEEEING.
   286 | D:1      | 286 ||| FLEEEEING.
   287 | D:1      | 287 ||| FLEEEEING.
   288 | D:1      | 288 ||| FLEEEEING.
   289 | D:1      | 289 ||| FLEEEEING.
   290 | D:1      | 290 ||| FLEEEEING.
   291 | D:1      | 291 ||| FLEEEEING.
   292 | D:1      | 292 ||| FLEEEEING.
   293 | D:1      | 293 ||| FLEEEEING.
   294 | D:1      | 294 ||| FLEEEEING.
   296 | D:1      | 296 ||| FLEEEEING.
   297 | D:1      | 297 ||| FLEEEEING.
   298 | D:1      | 298 ||| FLEEEEING.
   299 | D:1      | 299 ||| FLEEEEING.
   811 | D:1      | Reached XP level 3. HP: 21/21 MP: 4/4
   915 | D:1      | 915 ||| UPGRADING to +0 cloak.
   920 | D:1      | 920 ||| UPGRADING to +0 ring mail.
   930 | D:1      | 930 ||| DROPPING +0 robe.
   931 | D:1      | 931 ||| READING scroll labelled IFORRYU OCRI.
   932 | D:1      | 932 ||| DRINKING 3 cyan potions.
   933 | D:1      | 933 ||| DROPPING scroll of poison.
  1131 | D:2      | Reached skill level 1 in Armour
  1222 | D:2      | Found a hide-covered altar of Uskayaw.
  1402 | D:2      | Reached XP level 4. HP: 26/26 MP: 5/5
  1891 | D:2      | 1891 ||| READING 2 scrolls labelled ADAVIJOO BYIK.
  1892 | D:2      | 1892 ||| DRINKING 2 black potions.
  1893 | D:2      | 1893 ||| DROPPING scroll of fear.
  1949 | D:3      | Found a white marble altar of Elyvilon.
  1982 | D:3      | Found a hazy altar of Hepliaklqana.
  2021 | D:3      | Reached skill level 4 in Ranged Weapons
  2046 | D:3      | Noticed Jessica
  2055 | D:3      | Killed Jessica
  2296 | D:3      | Reached XP level 5. HP: 30/30 MP: 6/6
  2611 | D:3      | 2611 ||| READING scroll labelled HAORPH YRPHOGGUT.
  2612 | D:3      | 2612 ||| DRINKING 2 fizzy yellow potions.
  2613 | D:3      | 2613 ||| DRINKING 2 puce potions.
  2614 | D:3      | 2614 ||| DROPPING potion of attraction.
  2622 | D:4      | Noticed Ijyb
  2625 | D:4      | 2625 ||| STAIRDANCE
  2651 | D:3      | HP: 5/30 [Ijyb/+3 dagger (5)]
  2652 | D:3      | Killed from afar by Ijyb

Levels and vault maps discovered:
D:1:      nzn_arrival_depleted_hourglass, layout_basic
D:2:      layout_loops_corners, basic_altar, nrook_mini_backslash
D:3:      layout_basic, mainiacjoe_overflow_paths, mainiacjoe_overflow_alcove_1,
          serial_rivers, chequers_serial_rivers_small_b,
          chequers_serial_rivers_micro_d, chequers_serial_rivers_large_a,
          chequers_serial_rivers_micro_a, kennysheep_jessica_study
D:4:      layout_rooms, grunt_temple_overflow_holy_war, cheibrodos_worm_habitat,
          cheibrodos_ashenzari_chains, uniq_ijyb

Skill      XL: |  1  2  3  4 |
---------------+-------------+-----
Ranged Weapons | 3 4 |  4.5
Fighting       | 2 |  2.0
Armour         | 1 |  1.0
Dodging        | |  1.5
Spellcasting   | |  1.0
Hexes          | |  2.6

Action                     |  1- 3 |  4- 6 || total
---------------------------+-------+-------++-------
   Fire: Sling             |   116 |   107 ||   223
    Use: Potion            |     1 |     3 ||     4
         Scroll            |     1 |     2 ||     3
 Armour: Robe              |     4 |       ||     4
         Ring mail         |    19 |    48 ||    67
  Dodge: Dodged            |    24 |    37 ||    61

Table legend:
 A = Non-vault XP
 B = Vault XP
 C = Vault XP percentage of total XP
 D = Non-vault monster count
 E = Vault monster count
 F = Vault count percentage of total count
                 A         B        C        D         E       F
            +---------+---------+-------+---------+---------+-------
      Total |     130 |      39 |  23.1 |      50 |       2 |   3.8
            +---------+---------+-------+---------+---------+-------
        D:1 |      36 |       0 |   0.0 |      22 |       0 |   0.0
        D:2 |      70 |       0 |   0.0 |      17 |       0 |   0.0
        D:3 |      24 |      39 |  61.9 |      11 |       2 |  15.4
            +---------+---------+-------+---------+---------+-------
